 Dungeon Crawl Stone Soup version 0.18.1-48-g4cf74bf (webtiles) character file.

729 tyranidshit the Skirmisher (level 7, -8/72 HPs)
             Began as a Deep Dwarf Necromancer on July 22, 2016.
             Mangled by an ogre
             ... wielding a +0 giant club
              (13 damage)
             ... on level 4 of the Dungeon.
             The game lasted 00:11:58 (2958 turns).

tyranidshit the Skirmisher (Deep Dwarf Necromancer) Turns: 2958, Time: 00:11:59

Health: -8/72      AC:  7    Str: 14    XL:     7   Next: 44%
Magic:  6/6        EV:  9    Int: 15    God:
Gold:   227        SH:  0    Dex: 13    Spells: 1 memorised, 8 levels left

rFire  . . .     SeeInvis .     o - +0 falchion
rCold  . . .     Gourm    .     g - +0 scale mail
rNeg   . . .     Faith    .     (no shield)
rPois  .         Spirit   .     (no helmet)
rElec  .         Dismiss  .     (no cloak)
rCorr  .         Reflect  .     (no gloves)
SustAt +         Harm     .     m - +0 pair of boots
MR     +....                    (no amulet)
Stlth  +.........               (no ring)
                                d - ring of sustain attributes

@: non-regenerating, somewhat resistant to hostile enchantments, very unstealthy
A: damage resistance, recharge devices, sense surroundings 1, slow regeneration
3
a: Device Recharging


You were on level 4 of the Dungeon.
You were very hungry.

You visited 1 branch of the dungeon, and saw 4 of its levels.
You also visited: Ossuary.

You collected 227 gold pieces.

Inventory:

Hand Weapons
 f - a +0 dagger
 o - a +0 falchion (weapon)
Armour
 a - a +0 robe
 g - a +0 scale mail (worn)
 m - a +0 pair of boots (worn)
 q - the +1 leather armour of Beogh's Benevolence {+Fly rF+ rC+}
   (You found it on level 4 of the Dungeon)

   It protects you from fire.
   It protects you from cold.
   It lets you fly.
Jewellery
 d - a ring of sustain attributes (left hand)
Wands
 c - a wand of heal wounds (3/9)
Scrolls
 l - a scroll of identify
 r - a scroll of teleportation
 w - a scroll of remove curse
 y - a scroll of enchant weapon {unknown}
Potions
 e - 5 potions of brilliance
 h - a potion of lignification
 k - 3 potions of agility
 p - a potion of magic
 s - a potion of heal wounds
 t - a potion of ambrosia
 v - 2 potions of cure mutation
Books
 b - a book of Necromancy

   Spells                             Type                      Level
   a - Pain                           Necromancy                   1
   b - Animate Skeleton               Necromancy                   1
   c - Vampiric Draining              Necromancy                   3
   d - Regeneration                   Charms/Necromancy            3
   e - Animate Dead                   Necromancy                   4
   f - Control Undead                 Necromancy                   4
 n - a book of Enchantments

   Spells                             Type                      Level
   a - Cause Fear                     Hexes                        4
   b - Yara's Violent Unravelling     Hexes/Transmutation          5
   c - Silence                        Hexes/Air                    5
   d - Deflect Missiles               Charms/Air                   6
   e - Haste                          Charms                       6
   f - Discord                        Hexes                        8
Comestibles
 i - 5 fruits
 j - 3 meat rations
 u - a slice of pizza
 x - a beef jerky


   Skills:
 + Level 7.4 Fighting
 - Level 2.1 Dodging
 - Level 2.4 Stealth
 - Level 1.7 Spellcasting
 - Level 4.3 Necromancy


You had 8 spell levels left.
You knew the following spells:

 Your Spells              Type           Power        Failure   Level  Hunger
a - Pain                  Necr           ##..         21%         1    ##.....


Dungeon Overview and Level Annotations

Branches:
Dungeon (4/15)
 Temple: D:4-7

Altars:
Trog


Innate Abilities, Weirdness & Mutations

You are resistant to damage.
You can recharge devices by infusing magical energy.
You passively map a small area around you.
You do not regenerate naturally.


Message History

The ogre is moderately wounded.
The ogre barely misses you. The phantom hits you.
* * * LOW HITPOINT WARNING * * *
You hit the ogre.
The ogre is heavily wounded.
The ogre barely misses you. The phantom hits you.
* * * LOW HITPOINT WARNING * * *
You hit the ogre but do no damage.
The ogre is heavily wounded.
The phantom barely misses you. The ogre barely misses you.
The phantom hits you.
Your scale mail prevents you from hitting the ogre.
The ogre is heavily wounded.
The ogre hits you with a giant club!
* * * LOW HITPOINT WARNING * * *
The phantom barely misses you.
You hit the ogre.
The ogre is heavily wounded.
The ogre hits you with a giant club!
You die...

#####* ######### .....##
#.......# ......## ###.......#
....$[.# #...W.....#
.......#####...O@...(#
.......##.....######## ####
...........#### #... .......##.##
##########... ..........#
#########............
..........###......)..########...
..........#...####...## #...
<####.....#.### #...## ####W.. .*
#.......# #....#####......


You could see a phantom and an ogre.

Vanquished Creatures
  3 elf zombies (Ossuary)
  A centaur zombie (Ossuary)
  A centaur skeleton (D:4)
  3 orc priests (D:3)
  A human zombie (Ossuary)
  Terence (D:3)
  Natasha (D:4)
  A worker ant (D:4)
  2 big kobold zombies (Ossuary)
  2 mummies (Ossuary)
  A howler monkey skeleton (D:4)
  9 adders
  An ooze (D:4)
  An adder skeleton (D:4)
  3 adder zombies
  2 dart slugs (D:2)
  3 giant geckos
  7 orcs
  6 giant cockroaches
  5 goblins
  3 hobgoblins
  11 jackals
  4 kobolds
  3 quokkas
  6 bats
  3 giant newts
  A goblin zombie (Ossuary)
  9 hobgoblin zombies (Ossuary)
  A jackal skeleton (D:4)
  A jackal zombie (Ossuary)
  11 kobold zombies (Ossuary)
  6 orc zombies (Ossuary)
  7 rats
120 creatures vanquished.

Notes
Turn   | Place    | Note
--------------------------------------------------------------
     0 | D:1      | tyranidshit the Deep Dwarf Necromancer began the quest for the Orb.
     0 | D:1      | Reached XP level 1. HP: 15/15 MP: 3/3
    84 | D:1      | Reached skill level 1 in Fighting
   114 | D:1      | Reached XP level 2. HP: 17/25 MP: 0/4
   365 | D:1      | Reached skill level 2 in Fighting
   718 | D:2      | Reached XP level 3. HP: 11/33 MP: 1/5
   862 | D:2      | Reached skill level 3 in Fighting
   941 | D:2      | Reached XP level 4. HP: 31/42 MP: 1/6
  1529 | D:2      | Noticed a moth of wrath
  1532 | D:2      | Found a bloodstained altar of Trog.
  1630 | D:3      | Noticed Terence
  1686 | D:3      | Reached skill level 4 in Fighting
  1701 | D:3      | Reached XP level 5. HP: 15/50 MP: 7/7
  1810 | D:3      | Killed Terence
  1810 | D:3      | Reached skill level 5 in Fighting
  2070 | D:4      | Noticed Natasha
  2107 | D:4      | Killed Natasha
  2107 | D:4      | Reached XP level 6. HP: 39/61 MP: 8/8
  2137 | D:4      | Got a jewelled leather armour
  2148 | D:4      | Identified the cursed +1 leather armour of Beogh's Benevolence {+Fly rF+ rC+} (You found it on level 4 of the Dungeon)
  2226 | D:4      | Found a sand-covered staircase.
  2248 | Ossuary  | Entered an ossuary
  2374 | Ossuary  | Reached skill level 6 in Fighting
  2484 | Ossuary  | Reached XP level 7. HP: 16/70 MP: 7/7
  2605 | Ossuary  | Reached skill level 7 in Fighting
  2958 | D:4      | Mangled by an ogre

Skill      XL: |  1  2  3  4  5  6  7 |
---------------+----------------------+-----
Fighting       | 1 2 3 4 5 6 7 |  7.4
Dodging        | |  2.1
Stealth        | |  2.4
Spellcasting   | |  1.7
Necromancy     | |  4.3

Action                   |  1- 3 |  4- 6 |  7- 9 || total
-------------------------+-------+-------+-------++-------
Melee: Unarmed           |    27 |       |       ||    27
       Dagger            |   170 |   155 |       ||   325
       Falchion          |       |   297 |   171 ||   468
 Cast: Pain              |    31 |     4 |       ||    35
 Abil: Device Recharging |       |     2 |     1 ||     3
Evoke: Wand              |     1 |    10 |     4 ||    15
  Use: Scroll            |       |     9 |     3 ||    12
       Potion            |       |     7 |       ||     7
  Eat: Bread ration      |     1 |     1 |       ||     2
Armor: Robe              |     5 |       |       ||     5
       Scale mail        |    97 |   237 |    79 ||   413
       Leather armour    |       |     9 |       ||     9
Dodge: Dodged            |   179 |   265 |    77 ||   521
